AoeStats
← Barón de la Cerveza

Enclosed

504806634Analyzed
1v1 RM · 27d ago on Sep 6, 2026· 40m 51s· 2 players
Game mode
Random Map
Map size
Tiny (2 player)
Population
200
Speed
Normal
Resources
Standard
Victory
Conquest
Starting age
Dark Age
Ending age
Imperial Age
RankedLock teamsTeams togetherTeam positionsShared explorationLock speedFull tech treeHidden civsTurbo modeCheats
Victory
Defeat
🇲🇽 Slavs · Mexico
1837
+18
🇮🇹 Portuguese · Italy
1872
-18
Barón de la Cerveza
6:09 Loom
8:42 Feudal Age
8:59 Man-at-Arms
10:04 Double-Bit Axe
12:08 Horse Collar
15:38 Fletching
21:13 Castle Age
20:19 Scale Barding Armor
20:58 Bloodlines
22:17 Wheelbarrow
21:25 Light Cavalry
22:06 Husbandry
24:45 Heavy Plow
27:41 Bow Saw
28:56 Hand Cart
34:11 Imperial Age
34:27 Redemption
34:40 Sanctity
35:49 Chain Barding Armor
35:41 Forging
39:14 Detinets
39:35 Conscription
[LWS] wyvern
6:43 Loom
8:55 Feudal Age
9:35 Double-Bit Axe
10:22 Fletching
12:47 Padded Archer Armor
19:33 Castle Age
20:21 Scale Barding Armor
21:32 Horse Collar
24:09 Chain Barding Armor
23:52 Crossbowman
24:28 Bodkin Arrow
26:21 Bow Saw
27:24 Pikeman
30:40 Wheelbarrow
30:57 Scale Mail Armor
32:09 Town Watch
35:23 Hand Cart
38:38 Chain Mail Armor
Connection lost

Rejoining the realm…

Still unreachable

The connection could not be restored.

Session expired

The server has moved on; the page needs a fresh start.